 Dungeon Crawl Stone Soup version 0.25.0-9-g26727b657a (webtiles) character file.

Game seed: 16994626502506166518

103 lepoulpe303 the Cutter (level 4, -1/27 HPs)
             Began as a Deep Elf Chaos Knight on June 17, 2020.
             Was a Plaything of Xom.
             Slain by a warg (shapeshifter) (12 damage)
             ... on level 2 of the Dungeon.
             The game lasted 00:07:44 (1581 turns).

lepoulpe303 the Cutter (Deep Elf Chaos Knight)      Turns: 1581, Time: 00:07:46

Health: -1/27      AC:  7    Str: 10    XL:     4   Next: 51%
Magic:  7/7        EV:  9    Int: 17    God:    Xom [..*...]
Gold:   141        SH:  0    Dex: 14    Spells: 2/5 levels left

rFire    + . .     SeeInvis .   a - +0 short sword (chaos)
rCold    . . .     Gourm    .   (no shield)
rNeg     . . .     Faith    .   o - +0 scale mail
rPois    .         Spirit   .   (no helmet)
rElec    .         Reflect  .   (no cloak)
rCorr    .         Harm     .   s - +0 pair of gloves
MR       .....                  (no boots)
Stlth    ..........             (no amulet)
HPRegen  0.09/turn              F - ring of protection from fire
MPRegen  0.10/turn              (no ring)

@: confused
A: no striking features
a: Renounce Religion


You were on level 2 of the Dungeon.
You worshipped Xom.
You were a toy of Xom.
You were not hungry.

You visited 1 branch of the dungeon, and saw 3 of its levels.

You collected 141 gold pieces.

Inventory:

Hand Weapons
 a - a +0 short sword of chaos (weapon)
Missiles
 j - 35 poisoned darts (quivered)
Armour
 b - a +2 leather armour
 o - a +0 scale mail (worn)
 s - a +0 pair of gloves (worn)
Jewellery
 F - a ring of protection from fire (left hand)
Scrolls
 d - 3 scrolls of amnesia {unknown}
 f - 2 scrolls of enchant armour {unknown}
 g - a scroll of blinking {unknown}
 h - a scroll of remove curse {unknown}
 i - 4 scrolls of identify
 k - a scroll of noise {unknown}
 n - a scroll of random uselessness {unknown}
 r - a scroll of magic mapping {unknown}
Potions
 c - a potion of mutation {!q}
 m - a potion of stabbing
 p - a potion of flight {unknown}
 q - 2 potions of lignification {unknown}
Comestibles
 e - 5 rations


   Skills:
 + Level 2.6 Fighting
 * Level 3.7 Short Blades
 * Level 1.6 Armour
 + Level 3.1 Dodging
 * Level 2.1 Stealth
 - Level 1.2 Spellcasting
 - Level 0.7 Hexes


You had 2 spell levels left.
You knew the following spells:

 Your Spells              Type           Power        Failure   Level  Hunger
a - Confusing Touch       Hex            #.......     97%         3    ####...

Your spell library contained the following spells:

 Spells                   Type           Power        Failure   Level  Hunger
 Gell's Gravitas          Tloc           #.........   99%         3    ####...
 Petrify                  Tmut/Erth      #.......     100%        4    #####..
 Metabolic Englaciation   Hex/Ice        #.........   100%        5    ######.
 Yara's Violent Unravell  Hex/Tmut       #.........   100%        5    ######.


Dungeon Overview and Level Annotations

Branches:
Dungeon (3/15)

Altars:
Fedhas
Hepliaklqana
Xom


Message History

You're too confused to move!
You're too confused to move!
Health restored: 27 You hit the warg.
You're too confused to move!
You bump into the rock wall.
You bump into the rock wall.
The warg is no longer petrified.
The warg bites you. The warg barely misses you.
You take 5 damage, and have 22/27 hp.
You hit the warg.
The warg suddenly seems more agile.
The warg bites you!
* * * LOW HITPOINT WARNING * * *
A shower of butterflies erupts from you!
You take 11 damage, and have 11/27 hp.
MASSIVE DAMAGE!!
Are you sure you want to stumble around while confused and next to your butterfly?
Okay, then.
The warg barely misses you. The warg bites you!
You die...
Xom chortles!

##### #############...##
#######.h..........###.#
#._..bb@#########.#####.
#.########......รท....##.
#.# #.######.##.##.
#G########.## #..#.#.#
#....)G)....#####.#.....
####.###..........######
#.# #.#.............#
#######.#
#.#............##
#.......#
#.#..#####.....#.


You could see a warg shaped shifter (agile).

Levels and vault maps discovered:
D:1:      minmay_arrival_arboretum_large, layout_rooms
D:2:      layout_loops_ring, lemuel_crystal_altar, lemuel_round_altar,
          first_ration, uniq_terence, uniq_jessica
D:3:      layout_basic, uniq_natasha

Notes
Turn   | Place    | Note
-------+----------+-------------------------------------------
     0 | D:1      | lepoulpe303 the Deep Elf Chaos Knight began the quest for
                  | the Orb.
     0 | D:1      | Reached XP level 1. HP: 13/13 MP: 3/3
     3 | D:1      | Identified a +0 club
     7 | D:1      | Identified a +0 short sword of chaos
    91 | D:1      | XOM: silly message
   168 | D:1      | Identified a +0 club
   185 | D:1      | XOM: cloud trail
   196 | D:1      | XOM: noise
   215 | D:1      | Reached skill level 1 in Armour
   221 | D:1      | Reached XP level 2. HP: 16/18 MP: 4/4
   222 | D:1      | XOM: potion effect (brilliance)
   226 | D:1      | Reached skill level 1 in Stealth
   304 | D:1      | XOM: silly message
   680 | D:2      | Found a blossoming altar of Fedhas.
   697 | D:2      | Identified a +0 club
   763 | D:2      | Reached XP level 3. HP: 21/22 MP: 5/5
   767 | D:2      | Identified a +0 whip
   939 | D:2      | Identified 6 scrolls of identify
   939 | D:2      | Identified a ring of protection from fire (You found it on
                  | level 1 of the Dungeon)
   941 | D:2      | Identified a potion of stabbing
   942 | D:2      | Identified a potion of mutation
   953 | D:2      | XOM: divination: detect creatures
   992 | D:2      | Identified a +0 club
   992 | D:2      | Identified a +0 robe
   992 | D:2      | Noticed Jessica
  1000 | D:2      | Killed Jessica
  1000 | D:2      | Reached skill level 1 in Spellcasting
  1008 | D:2      | Learned a level 3 spell: Confusing Touch
  1015 | D:2      | Identified a +0 club
  1046 | D:2      | Reached skill level 3 in Dodging
  1046 | D:2      | Identified a +0 flail
  1046 | D:2      | Identified a +0 scale mail
  1046 | D:2      | Noticed Terence
  1080 | D:2      | Killed Terence
  1080 | D:2      | Reached XP level 4. HP: 25/27 MP: 7/7
  1114 | D:2      | Found a hazy altar of Hepliaklqana.
  1271 | D:2      | Reached skill level 2 in Stealth
  1356 | D:2      | Identified a +0 dagger
  1447 | D:2      | Identified a +0 pair of gloves (You found it on level 2 of
                  | the Dungeon)
  1495 | D:3      | Identified a +0 dagger
  1495 | D:3      | Identified a +0 robe
  1495 | D:3      | Identified a +0 trident
  1495 | D:3      | Identified a +0 leather armour
  1495 | D:3      | Identified a cursed +0 hand axe
  1495 | D:3      | Identified a +0 leather armour
  1495 | D:3      | Identified a +0 war axe
  1503 | D:2      | Noticed a shapeshifter
  1503 | D:2      | an orc changed into a shapeshifter
  1503 | D:2      | Noticed a golden eye
  1503 | D:2      | a shapeshifter changed into a golden eye
  1533 | D:2      | XOM: scenery: create altars
  1562 | D:2      | XOM: swap monsters
  1565 | D:2      | Noticed a warg
  1565 | D:2      | a golden eye changed into a warg
  1568 | D:2      | XOM: enchant monster (good)
  1579 | D:2      | XOM: butterfly on damage
  1581 | D:2      | Slain by a warg (shapeshifter)

Table legend:
 A = Turns spent in this place as a percentage of turns spent in the entire game.
 B = Non-inter-level travel turns spent in this place as a percentage of non-inter-level travel turns spent in the entire game.
 C = Inter-level travel turns spent in this place as a percentage of turns spent in this place.
 D = Turns resting spent in this place as a percentage of non-inter-level travel turns spent in this place.
 E = Turns spent auto-exploring this place as a percentage of non-inter-level travel turns spent in this place.
 F = Non-inter-level travel turns spent in this place divided by the number of levels of this place that you've seen.
                   A       B       C       D       E      F
               +-------+-------+-------+-------+-------+----------------------
         Total | 100.0 | 100.0 |   4.2 |  17.9 |  53.3 | 505.0
       Dungeon | 100.0 | 100.0 |   4.2 |  17.9 |  53.3 | 505.0
               +-------+-------+-------+-------+-------+----------------------

Table legend:
 A = Kills in this place as a percentage of kills in entire the game.
 B = Kills by you in this place as a percentage of kills by you in the entire game.
 C = Kills by friends in this place as a percentage of kills by friends in the entire game.
 D = Other kills in this place as a percentage of other kills in the entire game.
 E = Experience gained in this place as a percentage of experience gained in the entire game.
 F = Experience gained in this place divided by the number of levels of this place that you have seen.
                   A       B       C       D       E      F
               +-------+-------+-------+-------+-------+----------------------
         Total | 100.0 | 100.0 |   N/A |   N/A | 100.0 |  49.3
       Dungeon | 100.0 | 100.0 |   N/A |   N/A | 100.0 |  49.3
               +-------+-------+-------+-------+-------+----------------------

Skill      XL: |  1  2  3  4 |
---------------+-------------+-----
Armour         | 1 |  1.6
Stealth        | 1 2 |  2.1
Spellcasting   | 1 |  1.2
Dodging        | 3 |  3.1
Fighting       | |  2.6
Short Blades   | |  3.7
Hexes          | |  0.7

Action                   |  1- 3 |  4- 6 || total
-------------------------+-------+-------++-------
Melee: Short sword       |    97 |    50 ||   147
Throw: Dart              |    24 |       ||    24
  Use: Scroll            |     3 |       ||     3
 Stab: Paralysed         |     2 |       ||     2
  Eat: Chunk             |       |     2 ||     2
Armor: Leather armour    |    24 |       ||    24
       Scale mail        |       |    15 ||    15
Dodge: Dodged            |    54 |    21 ||    75

Vanquished Creatures
  Jessica (D:2)
  Terence (D:2)
  An adder (D:2)
  An ooze (D:1)
  A worm (D:2)
  A leopard gecko (D:2)
  4 giant cockroaches
  4 hobgoblins
  4 jackals (D:1)
  2 kobolds
  A quokka (D:2)
  4 bats
  2 frilled lizards (D:2)
  5 goblins
  2 rats (D:2)
34 creatures vanquished.
